 Dungeon Sprint DCSS version 0.28-a0-1234-g826d19b2e0 (webtiles) character file.

Game seed: 7942062648215674123

77 rocky1 the Skirmisher (level 4, -3/53 HPs)
             Began as an Ogre Fighter on Dec 24, 2021.
             Was an Initiate of Okawaru.
             Slain by an orc (6 damage)
             ... in the Dungeon (Sprint VII: "The Pits").
             The game lasted 00:01:09 (768 turns).

rocky1 the Skirmisher (Ogre Fighter)                 Turns: 768, Time: 00:01:10

Health: -3/53      AC:  3    Str: 22    XL:     4   Next: 33%
Magic:  4/4        EV:  9    Int:  9    God:    Okawaru [......]
Gold:   0          SH:  7    Dex:  8    Spells: 3/3 levels left

rFire   . . .      SeeInvis .   a - +0 war axe
rCold   . . .      Faith    .   c - +0 kite shield
rNeg    . . .      Spirit   .   b - +0 robe
rPois   .          Reflect  .   (helmet restricted)
rElec   .          Harm     .   (no cloak)
rCorr   .          Rampage  .   (gloves unavailable)
Will    .....      NoTele   +   (boots unavailable)
Stlth   +.........              (no amulet)
HPRegen 0.17/turn               (no ring)
MPRegen 0.09/turn               (no ring)

@: no status effects
A: large, unfitting armour, tough skin 1
a: Renounce Religion


You were in the Dungeon.
You worshipped Okawaru.
Okawaru was noncommittal.
You visited 1 branch

Inventory:

Hand Weapons
 a - a +0 war axe (weapon)
Armour
 b - a +0 robe (worn)
 c - a +0 kite shield (worn)
Scrolls
 j - a scroll of blinking
 l - 5 scrolls of amnesia
Potions
 d - a potion of might
 e - a potion of curing
 g - a potion of haste
 h - 4 potions of magic
 i - 2 potions of berserk rage
 k - 2 potions of invisibility


   Skills:
 + Level 6.6 Fighting
 + Level 4.4 Axes
 + Level 4.5 Dodging
 + Level 4.5 Shields


You had 3 spell levels left.
You didn't know any spells.
Your spell library was empty.

Dungeon Overview and Level Annotations

Branches:
Dungeon (1/1)

Altars:
Ashenzari
Cheibriados
Dithmenos
Elyvilon
Fedhas
Gozag
Hepliaklqana
Kikubaaqudgha
Makhleb
Nemelex Xobeh
Okawaru
Qazlal
Ru
Sif Muna
Trog
Uskayaw
Vehumet
Wu Jian
Xom
Yredelemnul
Zin
The Shining One
Beogh
Jiyva
Lugonu


Innate Abilities, Weirdness & Mutations

You are too large for most types of armour.
You have tough skin. (AC +1)


Message History

The orc wizard flickers and vanishes!
Deactivating autopickup; reactivate with Ctrl-A.
The orc hits you with a +0 club. You block the orc's attack.
You slash the orc!
You kill the orc!
Okawaru accepts your kill.
The orc hits you from afar with a +0 trident.
Your shield prevents you from hitting something.
Something hits you. The orc barely misses you. Something hits you.
You barely miss something. The orc barely misses you. Something hits you.
Something completely misses you. You block the orc's attack.
You barely miss something. Something hits you.
* * * LOW HITPOINT WARNING * * *
You block the orc's attack. Something completely misses you.
You closely miss something. The orc barely misses you. Something hits you.
* * * LOW HITPOINT WARNING * * *
Something hits you.
* * * LOW HITPOINT WARNING * * *
You block the orc's attack.
You closely miss something.
You hear some strange, mumbled words.
A puff of flame appears from out of thin air!
The puff of flame misses you. The orc barely misses you. Something hits you.
* * * LOW HITPOINT WARNING * * *
You feel much better.
The orc hits you from afar with a +0 trident!
Something hits you.
Your shield prevents you from hitting something.
Something hits you. You block the orc's attack. Something hits you.
* * * LOW HITPOINT WARNING * * *
Something hits you.
* * * LOW HITPOINT WARNING * * *
You block the orc's attack.
You closely miss something. You block something's attack.
You block the orc's attack. Something hits you.
* * * LOW HITPOINT WARNING * * *
You closely miss something. Something hits you.
* * * LOW HITPOINT WARNING * * *
The orc hits you from afar with a +0 trident.
You die...

#_______...###########++
##########'##...........
#.?(.')))'.##......#..#.
##########.##...........
#...........'...........
#+#####'#####......#..#.
#b #.).'.##...........
#..#...#.#####'#####++
#..#####@##.......#
#..'..o#{##.......#
#.oo...o.##.......#
#..########...<...# #o
#.......# # #.......#
#.......# #########


You could see an orc.

Vanquished Creatures
  A scorpion (D)
  A river rat (D)
  2 orcs (D)
  A bat skeleton (D)
  A bat zombie (D)
6 creatures vanquished.

Notes
Turn   | Place    | Note
-------+----------+-------------------------------------------
     0 | D        | rocky1 the Ogre Fighter began the quest for the Orb.
     0 | D        | Reached XP level 1. HP: 24/24 MP: 1/1
    11 | D        | Noticed a scorpion
    17 | D        | Killed a scorpion
    18 | D        | Reached skill level 6 in Fighting
    18 | D        | Reached XP level 2. HP: 37/37 MP: 2/2
    18 | D        | Reached XP level 3. HP: 45/45 MP: 3/3
    18 | D        | Reached XP level 4. HP: 53/53 MP: 4/4
   292 | D        | Found a bloodstained altar of Trog.
   292 | D        | Found a shimmering blue altar of Sif Muna.
   292 | D        | Found a viscous altar of Jiyva.
   292 | D        | Found a hazy altar of Hepliaklqana.
   292 | D        | Found an opulent altar of Gozag.
   293 | D        | Found a glowing golden altar of the Shining One.
   293 | D        | Found a glowing silver altar of Zin.
   293 | D        | Found a basalt altar of Yredelemnul.
   293 | D        | Found a shimmering altar of Xom.
   293 | D        | Found an ornate altar of the Wu Jian Council.
   293 | D        | Found a sacrificial altar of Ru.
   293 | D        | Found a stormy altar of Qazlal.
   293 | D        | Found an iron altar of Okawaru.
   293 | D        | Found a sparkling altar of Nemelex Xobeh.
   293 | D        | Found a burning altar of Makhleb.
   293 | D        | Found a blossoming altar of Fedhas.
   293 | D        | Found a white marble altar of Elyvilon.
   293 | D        | Found a shadowy altar of Dithmenos.
   293 | D        | Found a snail-covered altar of Cheibriados.
   295 | D        | Found a radiant altar of Vehumet.
   295 | D        | Found a corrupted altar of Lugonu.
   296 | D        | Found a hide-covered altar of Uskayaw.
   296 | D        | Found an ancient bone altar of Kikubaaqudgha.
   296 | D        | Found a broken altar of Ashenzari.
   303 | D        | Became a worshipper of Warmaster Okawaru
   768 | D        | Slain by an orc

Illustrated notes

Levels and vault maps discovered:
D:        pitsprint [storerooms_1, entrance_room_1, metal_vault_5, armoury_1,
          mini_pit_1, grid_room_1, main_hall_1, silver_pit, the_coven_2,
          the_vestibule_1, steel_vault_3, golden_pit, hallway_of_sentries,
          crystal_vault_5, iron_vault_5, final_vault]

Skill      XL: |  1 |
---------------+----+-----
Fighting       | 6 |  6.6
Axes           | 4 |  4.4
Dodging        | 4 |  4.5
Shields        | 4 |  4.5

Action                   |  1- 3 |  4- 6 || total
-------------------------+-------+-------++-------
Melee: War axe           |     5 |    34 ||    39
  Use: Potion            |     1 |     1 ||     2
Armor: Robe              |       |     6 ||     6
Dodge: Dodged            |     3 |    22 ||    25
Block: Kite shield       |       |    30 ||    30

Table legend: (Time is in decaauts)
 A = Elapsed time spent in this place.
 B = Non-inter-level travel time spent in this place.
 C = Inter-level travel time spent in this place.
 D = Time resting spent in this place.
 E = Time spent auto-exploring this place.
 F = Levels seen in this place.
 G = Mean time per level.
                   A        B        C        D        E       F      G
               +--------+--------+--------+--------+--------+-----+--------+
         Total |    799 |    799 |      0 |    650 |      0 |   1 |  799.0 |
       Dungeon |    799 |    799 |      0 |    650 |      0 |   1 |  799.0 |
               +--------+--------+--------+--------+--------+-----+--------+

Top non-repeatable levels by time:
       D: 799 daAuts
